 Dungeon Crawl Stone Soup version 0.31-a0-204-g7da18cac08 (webtiles) character file.

Game seed: 3990370718557125230

55 qw the Shooter (level 3, -1/20 HPs)
             Began as a Deep Elf Hunter on June 27, 2023.
             Slain by a gnoll
             ... wielding a +0 flail
              (2 damage)
             ... on level 3 of the Dungeon.
             The game lasted 00:00:19 (1119 turns).

qw the Shooter (Deep Elf Hunter)                    Turns: 1119, Time: 00:00:19

Health: -1/20      AC:  3    Str: 10    XL:     3   Next: 67%
Magic:  5/5        EV: 12    Int: 13    God:
Gold:   53         SH:  0    Dex: 18    Spells: 2/2 levels left

rFire   . . .        a - +0 shortbow
rCold   . . .        (shield currently unavailable)
rNeg    + . .        c - +0 leather armour
rPois   .            (no helmet)
rElec   .            (no cloak)
rCorr   .            (no gloves)
SInv    .            (no boots)
Will    .....        (no amulet)
Stlth   ++           d - ring of positive energy
HPRegen 0.23/turn    (no ring)
MPRegen 0.09/turn

%: no passive effects
@: no status effects
A: no striking features
a: no special abilities


You were on level 3 of the Dungeon.
You visited 1 branch of the dungeon, and saw 3 of its levels.

You collected 92 gold pieces.
You spent 39 gold pieces at shops.


   Skills:
 - Level 1.5 Fighting
 + Level 7.2 Ranged Weapons
 - Level 2.4 Dodging
 - Level 1.2 Stealth


You had 2 spell levels left.
You didn't know any spells.
Your spell library was empty.

Inventory:

Hand Weapons
 a - a +0 shortbow (weapon)
Armour
 b - a +0 ring mail
 c - a +0 leather armour (worn)
Jewellery
 d - a ring of positive energy (left hand)
Scrolls
 f - a scroll of identify {unknown}
 h - a scroll of amnesia {unknown}
 i - a scroll of blinking {unknown}
 j - a scroll of teleportation {unknown}
Potions
 e - a potion of curing
 g - a potion of degeneration {unknown}

Dungeon Overview and Level Annotations

Branches:
Dungeon (2/15)

Altars:

Shops:
D:1 !


Message History

A gnoll comes into view. It is wielding a +0 club.
You shoot an arrow. The arrow hits the gnoll.
The gnoll shouts!
The gnoll is moderately wounded.
You hear a shout! x2
A gnoll comes into view. It is wielding a +0 flail.
The gnoll shouts!
You shoot an arrow. The arrow hits the gnoll.
The gnoll is severely wounded.
A gnoll comes into view. It is wielding a +0 spear.
A gnoll comes into view. It is wielding a +0 whip.
You shoot an arrow.
The arrow hits the gnoll but does no damage.
The gnoll is severely wounded.
You shoot an arrow. The arrow hits the gnoll.
You kill the gnoll!
Your Ranged Weapons skill increases to level 7!
You shoot an arrow. The arrow closely misses the gnoll.
You shoot an arrow. The arrow hits the gnoll.
The gnoll is moderately wounded.
The gnoll hits you but does no damage.
You shoot an arrow. The arrow barely misses the gnoll.
The gnoll closely misses you.
You shoot an arrow. The arrow hits the gnoll!
The gnoll is almost dead.
The gnoll hits you from afar with a +0 spear.
The gnoll hits you with a +0 whip!
You shoot an arrow.
The arrow hits the gnoll but does no damage.
The gnoll is severely wounded.
The gnoll barely misses you.
The gnoll hits you from afar with a +0 spear.
You shoot an arrow. The arrow hits the gnoll!
You kill the gnoll!
The gnoll hits you from afar with a +0 spear.
You shoot an arrow. The arrow closely misses the gnoll.
The arrow hits the gnoll but does no damage.
The gnoll hits you from afar with a +0 spear.
The gnoll hits you with a +0 flail.
You die...

#+## ## ..# .. #.# .####
### ######.#####......
##.####.........@gg>....
#...##.#.##...####..###.
......###......# .#
#...##.#......## ..
##.######))#### #.
#....#¤~~..~¤¤# #
#..#.#¤.)..¤¤¤#
#..#.#~.#~¤.¤~#
#..#.#~.~.¤~¤¤#


You could see 2 gnolls.

Vanquished Creatures
  2 gnolls (D:3)
  An adder (D:2)
  A dart slug (D:1)
  An orc (D:3)
  A bat (D:2)
  2 endoplasms (D:1)
  A giant cockroach (D:1)
  4 goblins
  A hobgoblin (D:2)
  3 ball pythons (D:1)
  A frilled lizard (D:2)
  5 kobolds (D:1)
  2 rats (D:1)
25 creatures vanquished.

Notes
Turn   | Place    | Note
-------+----------+-------------------------------------------
     0 | D:1      | qw the Deep Elf Hunter began the quest for the Orb.
     0 | D:1      | Reached XP level 1. HP: 12/12 MP: 3/3
     0 | D:1      | 0 ||| qw: Version: 0.3-a-22-g0ed2b0b
     0 | D:1      | 0 ||| qw: Game counter: 6517
     0 | D:1      | 0 ||| qw: Melee chars always use a shield: true
     0 | D:1      | 0 ||| qw: God list: Okawaru
     0 | D:1      | 0 ||| qw: Allow faded altars: false
     0 | D:1      | 0 ||| qw: Do Orc after clearing Dungeon:15 true
     0 | D:1      | 0 ||| qw: Do second Lair branch before Depths: true
     0 | D:1      | 0 ||| qw: Lair rune preference: random
     0 | D:1      | 0 ||| qw: Goals: Normal
     0 | D:1      | 0 ||| PLANNING D:1-11
   486 | D:1      | Found Myhael's Distillery.
   489 | D:1      | Reached XP level 2. HP: 16/16 MP: 4/4
   496 | D:1      | 496 ||| SHOPLISTING 2 potions of haste (260 gold, have 47).
   496 | D:1      | 496 ||| SHOPLISTING 2 potions of heal wounds (130 gold,
                  | have 47).
   496 | D:1      | 496 ||| BUYING potion of curing (39 gold).
   496 | D:1      | Bought a potion of curing for 39 gold pieces
   496 | D:1      | 496 ||| SHOPLISTING potion of heal wounds (65 gold, have
                  | 8).
   496 | D:1      | 496 ||| SHOPLISTING potion of might (52 gold, have 8).
   496 | D:1      | 496 ||| SHOPLISTING potion of resistance (130 gold, have
                  | 8).
   501 | D:1      | Reached skill level 6 in Ranged Weapons
   813 | D:1      | 813 ||| UPGRADING to ring of positive energy.
   814 | D:1      | 814 ||| DROPPING scroll of butterflies.
   992 | D:2      | Reached XP level 3. HP: 20/20 MP: 5/5
   998 | D:2      | You fall into a shaft and drop 1 floor!
  1024 | D:3      | HP: 5/20 [goblin/+0 club (4)]
  1113 | D:3      | Reached skill level 7 in Ranged Weapons
  1119 | D:3      | HP: 1/20 [gnoll/+0 spear (6)]
  1119 | D:3      | Slain by a gnoll

Levels and vault maps discovered:
D:1:      scummos_arrival_simple_fountains, layout_basic, serial_shops, shop,
          minmay_misc_feat_square, minmay_misc_feat_cross
D:2:      layout_rooms, st_stairs_11, hangedman_decor_clover_reticule,
          grunt_ministairs_6
D:3:      layout_loops_corners, basic_ecumenical_altar, kennysheep_path_1,
          kennysheep_generic_room_7

Skill      XL: |  1  2  3 |
---------------+----------+-----
Ranged Weapons | 6 7 |  7.2
Fighting       | |  1.5
Dodging        | |  2.4
Stealth        | |  1.2

Action                     || total
---------------------------++-------
   Fire: Shortbow          ||    70
 Armour: Leather armour    ||     8
  Dodge: Dodged            ||    14

Table legend:
 A = Non-vault XP
 B = Vault XP
 C = Vault XP percentage of total XP
 D = Non-vault monster count
 E = Vault monster count
 F = Vault count percentage of total count
                 A         B        C        D         E       F
            +---------+---------+-------+---------+---------+-------
      Total |      72 |       7 |   8.9 |      22 |       3 |  12.0
            +---------+---------+-------+---------+---------+-------
        D:1 |      22 |       0 |   0.0 |      14 |       0 |   0.0
        D:2 |      21 |       0 |   0.0 |       6 |       0 |   0.0
        D:3 |      29 |       7 |  19.4 |       2 |       3 |  60.0
            +---------+---------+-------+---------+---------+-------
